 Dungeon Crawl Stone Soup version 0.24.0-13-gcf9b319 (webtiles) character file.

Game seed: 7234541055164484083, levelgen mode: deterministic

1983 Balder the Cudgeler (level 9, -1/54 HPs)
             Began as a Gargoyle Fighter on Dec 19, 2019.
             Was a Believer of Okawaru.
             Killed by divine providence
             ... invoked by an orc priest
              (16 damage)
             ... on level 7 of the Dungeon.
             The game lasted 00:42:21 (6454 turns).

Balder the Cudgeler (Gargoyle Fighter)              Turns: 6454, Time: 00:42:21

Health: -1/54      AC: 19    Str: 20    XL:     9   Next: 20%
Magic:  10/10      EV:  6    Int:  9    God:    Okawaru [**....]
Gold:   257        SH: 10    Dex: 12    Spells: 8/8 levels left

rFire    . . .     SeeInvis .   a - +0 flail
rCold    + . .     Gourm    .   c - +0 shield
rNeg     + . .     Faith    .   G - +0 chain mail
rPois    ∞         Spirit   .   e - +0 helmet
rElec    +         Reflect  .   (no cloak)
rCorr    +         Harm     .   (no gloves)
MR       .....                  F - +1 pair of boots
Stlth    ..........             J - amulet of regeneration
HPRegen  0.58/turn              s - ring of resist corrosion
MPRegen  0.12/turn              h - ring of protection from cold

@: slowed, very slow
A: negative energy resistance 1, electricity resistance, unbreathing,
petrification resistance, rot immunity, AC +6
a: Heroism, Renounce Religion


You were on level 7 of the Dungeon.
You worshipped Okawaru.
Okawaru was pleased with you.
You were not hungry.

You visited 2 branches of the dungeon, and saw 8 of its levels.
You also visited: Sewer.

You collected 317 gold pieces.
You spent 60 gold pieces at shops.

Inventory:

Hand Weapons
 a - a +0 flail (weapon)
 g - a +2 dagger of venom
 A - a +3 falchion of slicing
Missiles
 k - 18 poisoned darts (quivered)
 p - 5 javelins
 B - 3 boomerangs
Armour
 c - a +0 shield (worn)
 e - a +0 helmet (worn)
 t - a +2 scale mail of cold resistance
 F - a +1 pair of boots (worn)
 G - a +0 chain mail (worn)
Jewellery
 h - a ring of protection from cold (right hand)
 s - a ring of resist corrosion (left hand)
 E - the amulet of the Air {Inacc +Fly rElec EV+5 RMsl}
   (You found it on level 5 of the Dungeon)

   [amulet of inaccuracy]

   It reduces the accuracy of all your attacks.
   It affects your evasion (+5).
   It insulates you from electricity.
   It lets you fly.
   It protects you from missiles.
 J - an amulet of regeneration (around neck)
Wands
 b - a wand of disintegration (17)
 d - a wand of flame (10)
 u - a wand of random effects (20)
 y - a wand of iceblast (4)
Scrolls
 i - 4 scrolls of teleportation
 j - 2 scrolls of fog
 l - 4 scrolls of remove curse
 m - 3 scrolls of blinking
 o - a scroll of random uselessness {unknown}
 r - 3 scrolls of fear {unknown}
 v - 4 scrolls of identify
 D - a scroll of immolation {unknown}
 K - a scroll of summoning {unknown}
Potions
 n - a potion of ambrosia {unknown}
 q - a potion of lignification {unknown}
 w - 3 potions of curing {unknown}
 x - a potion of resistance {unknown}
 z - 2 potions of might
 C - 2 potions of flight
 H - a potion of invisibility {unknown}
 I - 2 potions of brilliance {unknown}
Comestibles
 f - 10 rations
 L - 3 chunks of flesh


   Skills:
 * Level 5.1 Fighting
 * Level 7.2 Maces & Flails
 + Level 1.3 Throwing
 * Level 5.6 Armour
 + Level 1.5 Dodging
 * Level 4.5 Stealth
 * Level 6.4 Shields
 * Level 2.6 Invocations


You had 8 spell levels left.
You didn't know any spells.
Your spell library contained the following spells:

 Spells                   Type           Power        Failure   Level  Hunger
 Animate Skeleton         Necr           N/A          100%        1    ##.....
 Pain                     Necr           #...         100%        1    ##.....
 Regeneration             Chrm/Necr      #.........   100%        3    ####...
 Vampiric Draining        Necr           #.........   100%        3    ####...
 Animate Dead             Necr           N/A          100%        4    #####..


Dungeon Overview and Level Annotations

Branches:
Dungeon (7/15)             Temple (1/1) D:4           Sewer (visited)

Altars:
Ashenzari
Cheibriados
Dithmenos
Elyvilon
Fedhas
Gozag
Hepliaklqana
Kikubaaqudgha
Makhleb
Nemelex Xobeh
Okawaru
Ru
Sif Muna
Trog
Uskayaw
Vehumet
Wu Jian
Xom
Yredelemnul
Zin
The Shining One

Shops:
D:5 !

Annotations:
D:4 2 transporters, Sweetruy1997's ghost, amateur DgAr


Innate Abilities, Weirdness & Mutations

You are resistant to torment.
Your stone body is resilient. (AC +6)
You are immune to poison.
You resist negative energy. (rN+)
You are resistant to electric shocks. (rElec)
You can survive without breathing.
You are immune to petrification.
You are immune to rotting.


Message History

An orc wizard comes into view. It is wielding a +0 dagger.
The orc wizard shouts!
You hear a shout!
Items here: ) [ ÷ † a +0 club; a +0 leather armour; an orc skeleton; a killer bee corpse The orc wizard points at you and mumbles some strange words.
You easily resist.
An orc priest comes into view. It is wielding a +0 club.
You miss the orc wizard.
The orc wizard gestures at you while chanting.
You feel yourself slow down.
You closely miss the orc wizard.
The orc wizard hits you but does no damage.
The orc priest invokes the aid of Beogh against you.
Beogh smites you!
* * * LOW HITPOINT WARNING * * *
You closely miss the orc wizard. The orc wizard barely misses you.
The orc wizard hits you but does no damage.
The orc priest calls down the wrath of Beogh upon you.
Beogh smites you!
You die...

#... #:.# # #... ##
##.#.#..# .. ..yy...$#
## #.# ##. #.#
.....#†#########
......oo@)......#
........#####.###
####....#......#
#....#.###..# #....#.#
#..# #....#.# #..#
#......# #..#
#.....####..#
############.#.........#


You could see an orc priest and an orc wizard.

Vanquished Creatures
  Purgy (Sewer)
  An ice beast (D:5)
  An orc warrior (D:6)
  A sky beast (D:6)
  An ogre (D:7)
  A crocodile (D:5)
  A centaur (D:5)
  A bullfrog (D:7)
  A scorpion (D:7)
  3 killer bees (D:7)
  3 howler monkeys
  2 jellies
  2 crimson imps
  A bullfrog zombie (D:2)
  A hound (D:4)
  2 orc priests
  9 orc wizards
  A centaur skeleton (D:6)
  2 iguanas
  6 worker ants
  A killer bee zombie (D:7)
  A hound skeleton (D:4)
  A worker ant zombie (D:6)
  A howler monkey skeleton (D:6)
  12 adders
  A shadow imp (D:7)
  A worm (D:3)
  4 dart slugs
  3 leopard geckos
  19 orcs
  7 ball pythons
  9 bats
  5 giant cockroaches
  2 goblins
  6 hobgoblins
  8 jackals
  10 kobolds
  3 quokkas
  5 frilled lizards
  A jackal skeleton (D:6)
  6 rats (D:3)
147 creatures vanquished.

Vanquished Creatures (others)
  3 plants (D:4)
3 creatures vanquished.

Grand Total: 150 creatures vanquished

Notes
Turn   | Place    | Note
-------+----------+-------------------------------------------
     0 | D:1      | Balder the Gargoyle Fighter began the quest for the Orb.
     0 | D:1      | Reached XP level 1. HP: 14/14 MP: 1/1
   201 | D:1      | Reached XP level 2. HP: 19/19 MP: 2/2
   627 | D:1      | Reached XP level 3. HP: 23/23 MP: 3/3
  1379 | D:2      | Reached skill level 3 in Maces & Flails
  1379 | D:2      | Reached XP level 4. HP: 23/28 MP: 4/4
  1593 | D:2      | Found a sparkling altar of Nemelex Xobeh.
  1799 | D:3      | Reached skill level 1 in Stealth
  1832 | D:3      | Found a basalt altar of Yredelemnul.
  1959 | D:3      | Reached XP level 5. HP: 33/33 MP: 5/5
  2096 | D:3      | Found a glowing drain.
  2111 | Sewer    | Entered a sewer
  2173 | Sewer    | Noticed Purgy
  2199 | Sewer    | Killed Purgy
  2199 | Sewer    | Reached XP level 6. HP: 14/38 MP: 6/6
  2671 | D:3      | Reached skill level 4 in Maces & Flails
  2700 | D:3      | Found an opulent altar of Gozag.
  3107 | D:4      | Identified the +2 halberd of Lount {chaos, -Tele Int+4
                  | Dex+3}
  3146 | D:4      | Reached skill level 1 in Throwing
  3147 | D:4      | Reached skill level 1 in Dodging
  3152 | D:4      | Reached XP level 7. HP: 14/43 MP: 7/7
  3166 | D:4      | Reached skill level 5 in Shields
  3279 | D:4      | Noticed Sweetruy1997's ghost (amateur DgAr)
  3369 | D:4      | Found a transporter.
  3369 | D:4      | Found a transporter.
  3512 | D:4      | Found a staircase to the Ecumenical Temple.
  3525 | Temple   | Entered the Ecumenical Temple
  3595 | Temple   | Became a worshipper of Warmaster Okawaru
  3663 | D:5      | Entered Level 5 of the Dungeon
  3843 | D:5      | Reached skill level 5 in Maces & Flails
  3856 | D:5      | Found the amulet of the Air {Inacc +Fly rElec EV+5 RMsl}
  3908 | D:5      | Reached * piety under Okawaru
  3908 | D:5      | Reached skill level 5 in Armour
  4001 | D:5      | Reached XP level 8. HP: 48/48 MP: 8/8
  4359 | D:5      | Found Ivokk's Distillery.
  4367 | D:5      | Bought a potion of might for 60 gold pieces
  4814 | D:6      | Reached skill level 6 in Maces & Flails
  5009 | D:6      | Found a white marble altar of Elyvilon.
  5038 | D:6      | Reached ** piety under Okawaru
  5084 | D:6      | Reached skill level 1 in Invocations
  5320 | D:6      | Found a glowing golden altar of the Shining One.
  5701 | D:7      | Found a burning altar of Makhleb.
  5701 | D:7      | Found a glowing silver altar of Zin.
  5702 | D:7      | Noticed an angel
  5702 | D:7      | Noticed a cacodemon
  5720 | D:7      | Reached skill level 5 in Fighting
  5950 | D:7      | Reached XP level 9. HP: 54/54 MP: 10/10
  6183 | D:7      | Reached skill level 7 in Maces & Flails
  6454 | D:7      | Killed from afar by an orc priest

Levels and vault maps discovered:
D:1:      minmay_arrival_five_plusses, layout_basic, serial_glass,
          glass_columns_c, glass_columns_a, corexii_item_surrounded_by_moat,
          palyth_stone_intersect, chequers_serial_rivers_micro_b,
          minmay_misc_feat_columns
D:2:      layout_basic, lemuel_crystal_altar
D:3:      layout_basic, lemuel_crystal_altar, portal_sewer_entry_b,
          nicolae_gozag_seed_capital
D:4:      layout_rooms, temple_hall, gammafunk_ghost_gnarly_gnolls
D:5:      layout_basic, serial_shops, nicolae_shop_crystal, first_ration,
          chequers_ossuary_entry_cave, minmay_misc_feat_diagonals
D:6:      layout_basic, lemuel_round_altar, corexii_corridor_pit,
          elyvilon_altar_3
D:7:      layout_basic, grunt_temple_overflow_order_and_chaos_2
Temple:   eino_temple_water

Skill      XL: |  1  2  3  4  5  6  7  8  9 |
---------------+----------------------------+-----
Maces & Flails | 3 4 5 6 7 |  7.2
Shields        | 4 5 6 |  6.4
Stealth        | 1 2 4 |  4.5
Armour         | 4 5 |  5.6
Fighting       | 4 5 |  5.1
Throwing       | 1 |  1.3
Dodging        | 1 |  1.5
Invocations    | 2 |  2.6

Action                   |  1- 3 |  4- 6 |  7- 9 || total
-------------------------+-------+-------+-------++-------
Melee: Flail             |   140 |   234 |   376 ||   750
Throw: Dart              |       |    10 |    14 ||    24
Invok: Heroism           |       |       |     3 ||     3
Evoke: Wand              |       |     2 |     2 ||     4
  Use: Potion            |       |     2 |     5 ||     7
       Scroll            |       |     5 |     5 ||    10
  Eat: Chunk             |     2 |     6 |     8 ||    16
       Ration            |       |       |     1 ||     1
Armor: Scale mail        |    73 |   152 |   112 ||   337
       Chain mail        |       |       |   104 ||   104
Dodge: Dodged            |    46 |    82 |   110 ||   238
Block: Shield            |    76 |   118 |   198 ||   392
